 Dungeon Crawl Stone Soup version 0.29-a0-648-g6b26cc9f40 (webtiles) character file.

Game seed: 8201642028638561950

4 DocClef the Skirmisher (level 1, 0/14 HPs)
             Began as a Tengu Fighter on June 20, 2022.
             Slain by a frilled lizard (1 damage)
             ... on level 1 of the Dungeon.
             The game lasted 00:00:16 (232 turns).

DocClef the Skirmisher (Tengu Fighter)               Turns: 232, Time: 00:00:16

Health: 0/14       AC:  6    Str: 16    XL:     1   Next: 60%
Magic:  2/2        EV:  8    Int:  8    God:
Gold:   17         SH:  4    Dex: 13    Spells: 0/0 levels left

rFire   . . .      SeeInvis .   a - +0 long sword
rCold   . . .      Faith    .   c - +0 buckler
rNeg    . . .      Spirit   .   b - +0 scale mail
rPois   .          Reflect  .   (helmet restricted)
rElec   .          Harm     .   (no cloak)
rCorr   .          Rampage  .   (no gloves)
Will    .....                   (boots unavailable)
Stlth   ..........              (no amulet)
HPRegen 0.04/turn               (no ring)
MPRegen 0.08/turn               (no ring)

@: no status effects
A: beak, talons 3
a: no special abilities


You were on level 1 of the Dungeon.
You visited 1 branch of the dungeon, and saw 1 of its levels.

You collected 17 gold pieces.

Inventory:

Hand Weapons
 a - a +0 long sword (weapon)
Armour
 b - a +0 scale mail (worn)
 c - a +0 buckler (worn)
Jewellery
 g - an amulet of regeneration
Scrolls
 f - a scroll of teleportation {unknown}
Potions
 d - a potion of might
 e - a potion of heal wounds {unknown}


   Skills:
 + Level 3.3 Fighting
 - Level 2.1 Long Blades
 - Level 3.2 Armour
 - Level 3.0 Shields


You couldn't memorise any spells.
You didn't know any spells.
Your spell library was empty.

Dungeon Overview and Level Annotations

Branches:
Dungeon (1/15)

Altars:


Innate Abilities, Weirdness & Mutations

You have a beak for a mouth.
You have claws for feet.


Message History

The frilled lizard bites you. The bat hits you but does no damage.
The rat bites you but does no damage. You block the ball python's attack.
The ball python grabs you. The ball python constricts you.
You closely miss the ball python. You claw the ball python.
The ball python is moderately wounded.
The bat hits you but does no damage. x2; The ball python barely misses you.
You block the frilled lizard's attack.
The rat twitches its whiskers.
The rat barely misses you.
The ball python bites you but does no damage.
The ball python constricts you.
The ball python bites you but does no damage.
You escape the ball python's grasp.
The ball python attacks as you move away!
The ball python bites you. You block the ball python's attack.
The ball python attacks as you move away!
The ball python bites you but does no damage.
The ball python barely misses you. The bat barely misses you.
The frilled lizard attacks as you move away!
You block the frilled lizard's attack.
The ball python attacks as you move away!
The ball python bites you but does no damage.
You block the ball python's attack.
The frilled lizard attacks as you move away!
The frilled lizard bites you.
* * * LOW HITPOINT WARNING * * *
The ball python bites you.
* * * LOW HITPOINT WARNING * * *
You block the ball python's attack. x2; The ball python grabs you.
The ball python constricts you.
You escape the ball python's grasp.
The bat hits you but does no damage. The bat hits you but does no damage.
The frilled lizard attacks as you move away!
The frilled lizard bites you.
* * * LOW HITPOINT WARNING * * *
The bat hits you but does no damage.
You slash the bat!
You kill the bat!
The frilled lizard bites you.
You die...

#..........#.......# .....>....
#..........#.......# ..........
#..........#.......# ..........
...........#.......# ........#'
......†............###########.
.......#..........†##.....)..#.
.......#....r......##........#.
.......#.....S.....''........'.
.......#....Sl@†...##........##
########....#####'###........#
#....# #.# #........# #....#
#.# #........# ###### #.#
########## #.# #.# #.# #.#


You could see 2 ball pythons, a frilled lizard and a rat.

Vanquished Creatures
  A quokka (D:1)
  A ball python (D:1)
  3 bats (D:1)
  A rat (D:1)
6 creatures vanquished.

Notes
Turn   | Place    | Note
-------+----------+-------------------------------------------
     0 | D:1      | DocClef the Tengu Fighter began the quest for the Orb.
     0 | D:1      | Reached XP level 1. HP: 14/14 MP: 2/2
   232 | D:1      | Slain by a frilled lizard

Illustrated notes

Levels and vault maps discovered:
D:1:      minmay_arrival_nine_rooms, layout_basic,
          hellmonk_ecumenical_altar_pennies_from_heaven

Action                   || total
-------------------------++-------
Melee: Long sword        ||    15
       Kick              ||     2
       Peck              ||     2
Armor: Scale mail        ||    22
Dodge: Dodged            ||    10
Block: Buckler           ||    12

Table legend: (Time is in decaauts)
 A = Elapsed time spent in this place.
 B = Non-inter-level travel time spent in this place.
 C = Inter-level travel time spent in this place.
 D = Time resting spent in this place.
 E = Time spent auto-exploring this place.
 F = Levels seen in this place.
 G = Mean time per level.
                   A        B        C        D        E       F      G
               +--------+--------+--------+--------+--------+-----+--------+
         Total |    236 |    236 |      0 |      0 |    192 |   1 |  236.0 |
       Dungeon |    236 |    236 |      0 |      0 |    192 |   1 |  236.0 |
               +--------+--------+--------+--------+--------+-----+--------+

Top non-repeatable levels by time:
     D:1: 236 daAuts
